 Dungeon Crawl Stone Soup version 0.27-a0-1149-g4505690ab0 (webtiles) character file.

Game seed: 14197701433806723367

647116 rjrrt the Axe Maniac (level 27, -13/233 HPs)
             Began as a Demonspawn Berserker on May 11, 2021.
             Was the Champion of Trog.
             Mangled by a Killer Klown
             ... wielding a +8 vorpal club
              (26 damage)
             ... on level 3 of the Realm of Zot on May 12, 2021.
             The game lasted 02:38:06 (61379 turns).

rjrrt the Axe Maniac (Demonspawn Berserker)        Turns: 61379, Time: 02:38:07

Health: -13/233    AC:  0    Str: 30    XL:     27
Magic:  1/23       EV: 34    Int: 10    God:    Trog [******]
Gold:   5789       SH:  5    Dex: 17    Spells: 26/26 levels left

rFire    . . .     SeeInvis .   (weapon currently unavailable)
rCold    . . .     Faith    .   (shield currently unavailable)
rNeg     . . .     Spirit   .   (armour currently unavailable)
rPois    .         Reflect  +   (helmet currently unavailable)
rElec    .         Harm     .   (cloak currently unavailable)
rCorr    .         Rampage  .   (gloves currently unavailable)
Will     +++..     Rnd*Rage +   (boots unavailable)
Stlth    ++........             O - amulet of reflection
HPRegen  3.48/turn              (ring currently unavailable)
MPRegen  0.18/turn              (ring currently unavailable)

@: bat-form, unable to read, flying, studying Unarmed Combat, very quick
A: fast, flying, no casting, tiny, (talons 3), (large bone plates 3), hurl
damnation, icemail 2, powered by death 3, torment resistance 1, condensation
shield, demonic willpower, berserk 1, inability to read while threatened
}: 3/15 runes: serpentine, barnacled, silver
a: Hurl Damnation, Renounce Religion, Berserk, Trog's Hand, Brothers in Arms


You were on level 3 of the Realm of Zot.
You worshipped Trog.
Trog was exalted by your worship.
You were a bat.
You visited 10 branches of the dungeon, and saw 51 of its levels.
You also visited: Ice Cave and Wizlab.

You collected 11893 gold pieces.
You spent 6104 gold pieces at shops.

Inventory:

Hand Weapons
 a - a +9 vampiric executioner's axe
 b - the +8 frozen axe "Frostbite" {freezing cloud, *Noise Fly rC+}
   (Trog gifted it to you on level 2 of the Snake Pit)

   It has been specially enchanted to freeze those struck by it, causing extra
   injury to most foes and up to half again as much damage against particularly
   susceptible opponents.
   It can also slow down cold-blooded creatures.
   It protects you from cold.
   It grants you flight.
   It may make noises in combat.
 f - a +9 executioner's axe of flaming
 m - the +5 demon whip "Spellbinder" {antimagic, Will+}
   (You took it off a vault guard on level 5 of the Vaults)

   It reduces the magical energy of the wielder, and disrupts the spells and
   magical abilities of those hit.
   Natural abilities and divine invocations are not affected.
   It increases your willpower.
 C - a +2 antimagic executioner's axe (melded)
 M - the +4 battleaxe "Kawuat Alyg" {freeze, +Blink Fly Str-5 Stlth+}
   (You took it off a vault warden on level 5 of the Vaults)

   It has been specially enchanted to freeze those struck by it, causing extra
   injury to most foes and up to half again as much damage against particularly
   susceptible opponents.
   It can also slow down cold-blooded creatures.
   It affects your strength (-5).
   It grants you flight.
   It lets you blink.
   It makes you more stealthy.
 W - a +1 demon trident of freezing
Missiles
 h - 46 javelins
 t - 2 boomerangs of dispersal
 A - 5 throwing nets
 E - 10 curare-tipped darts
Armour
 c - the +1 cloak of Starlight (melded) {*Dazzle EV+4 Stlth--}
   (You acquired it on level 13 of the Dungeon)

   It affects your evasion (+4).
   It makes you much less stealthy.
 y - a +2 helmet (melded)
 H - the +6 gold dragon scales of Teed (melded) {rPois rF+ rC+ rN++ Int+7}
   (You bought it in a shop on level 2 of the Orcish Mines)

   It affects your intelligence (+7).
   It protects you from fire.
   It protects you from cold.
   It protects you from poison.
   It greatly protects you from negative energy.
 R - the +2 pair of gloves of Sunlight (melded) {Will+}
   (You found it on level 5 of the Vaults)

   It increases your willpower.
Jewellery
 K - the ring "Por Viop" (melded) {rCorr SInv}
   (You found it on level 2 of the Shoals)

   [ring of resist corrosion]

   It lets you see invisible.
   It protects you from acid and corrosion.
 O - an amulet of reflection (around neck)
 S - the ring "Edile" (melded) {Drain rElec rN+ Str+7 Dex+4}
   (You found it on level 3 of the Crypt)

   [ring of positive energy]

   It affects your strength (+7).
   It affects your dexterity (+4).
   It insulates you from electricity.
   It protects you from negative energy.
   It drains your maximum health when unequipped.
Wands
 i - a wand of mindburst (59)
 o - a wand of acid (39)
 s - a wand of paralysis (34)
 x - a wand of digging (14)
 I - a wand of polymorph (94)
 N - a wand of iceblast (50)
Scrolls
 e - 17 scrolls of teleportation
 k - 7 scrolls of blinking
 n - 4 scrolls of magic mapping
 v - 2 scrolls of summoning
 w - 40 scrolls of identify
 B - 9 scrolls of silence
 D - 17 scrolls of fog
 Q - 3 scrolls of fear
Potions
 d - 15 potions of heal wounds
 g - 5 potions of invisibility
 j - 12 potions of haste
 p - 14 potions of lignification
 q - 20 potions of curing
 r - 7 potions of mutation
 u - 5 potions of ambrosia
 z - 8 potions of might
 G - 2 potions of attraction
 J - 3 potions of resistance
Miscellaneous
 l - a condenser vane
 U - a phial of floods
 V - a box of beasts
 X - a phantom mirror


   Skills:
 + Level 22.9 Fighting
 O Level 27 Axes
 + Level 19.9 Armour
 + Level 17.7 Dodging
 - Level 10.0 Evocations


You had 26 spell levels left.
You didn't know any spells.
Your spell library was empty.

Dungeon Overview and Level Annotations

Branches:
Dungeon (15/15)            Temple (0/1) D:7            Lair (6/6) D:10
 Shoals (4/4) Lair:2        Snake (4/4) Lair:4        Slime (0/5) Lair:5
    Orc (2/2) D:10            Elf (3/3) Orc:2        Vaults (5/5) D:14
  Crypt (3/3) Vaults:2       Tomb (0/3) Crypt:3      Depths (5/5) D:15
    Zot (4/5) Depths:5      IceCv (visited)          WizLab (visited)

Altars:
Elyvilon
Gozag
Kikubaaqudgha
Makhleb
Vehumet
Xom
Yredelemnul
Beogh
Jiyva
Lugonu

Shops:
D:2 !   D:6 *   D:7 (:!!   D:9 =   D:11 *   D:13 !   D:15 *   Orc:1 ?
Orc:2 ?[*:   Elf:1 ?(((   Elf:2 [[*   Shoals:2 ?   Shoals:3 *   Shoals:4 ?
Snake:1 =   Snake:2 (   Vaults:2 =*:(   Vaults:4 =   Depths:1 *?   Depths:3 **

Portals:
Hell: Depths:1 Depths:2 Depths:3 Depths:4 Depths:5
Abyss: Depths:2 Depths:3 Depths:4
Pandemonium: Depths:1 Depths:3
Ziggurat: Depths:2

Annotations:
D:3 3 runed translucent doors, GEC's ghost, amateur DsGl
D:8 exclusion: orange crystal statue
D:9 2 transporters
D:11 1 runed translucent door, HilariousDeathArtist's ghost, journeyman MiIE
Elf:2 5 runed translucent doors
Vaults:5 Mara


Innate Abilities, Weirdness & Mutations

You are a bat.
You are tiny and dextrous.
You move quickly.
You are flying.
Your equipment is almost entirely melded.
You are incapable of wielding weapons or throwing items.
You cannot cast spells.
((You have claws for feet.))
((You are completely covered in large bone plates. (SH +8)))
You can hurl damnation.
A meltable icy envelope protects you from harm. (AC +0)
You regenerate a lot of health from kills.
You are resistant to unholy torment.
A meltable shield of frost defends you. (SH +0)
You punish those that try to bend your will. (Will+)
You tend to lose your temper in combat.
You sometimes lose the ability to read scrolls when taking damage.


Message History

The red draconian closely misses you. You block the green draconian's attack.
The green draconian closely misses you. The Killer Klown pies you viciously!
The klown pie hits you!!
Moon pie!
You turn into a bat.
Your +2 antimagic executioner's axe melds into your body.
The +1 cloak of Starlight {*Dazzle EV+4 Stlth--} melds into your body.
Your +2 helmet melds into your body.
The +2 pair of gloves of Sunlight {Will+} melds into your body.
The +6 gold dragon scales of Teed {rPois rF+ rC+ rN++ Int+7} melds into your body.
The ring "Edile" {Drain rElec rN+ Str+7 Dex+4} melds into your body.
The ring "Por Viop" {rCorr SInv} melds into your body.
You feel magic returning to you.
* * * LOW HITPOINT WARNING * * *
Unknown command.
Unknown command.
You cannot read scrolls in your current state!
You feel much better.
You can read scrolls again.
The orb of fire glows deep purple.
The bolt of fire hits you!!!
You feel threatened and lose the ability to read scrolls!
* * * LOW HITPOINT WARNING * * *
You block the red draconian's attack.
The purple draconian knight closely misses you.
The purple draconian knight hits your cyclops with a +4 battleaxe of venom!
Your cyclops hits the purple draconian knight but does no damage.
The Killer Klown completely misses you.
The yellow draconian completely misses you.
The yellow draconian hits your cyclops with a +0 war axe.
The red draconian shifter blinks!
Unknown command.
Unknown command.
Unknown command.
You feel much better.
The orb of fire glows red.
The bolt of fire hits you!!!
* * * LOW HITPOINT WARNING * * *
You block the red draconian's attack.
The Killer Klown eye-gouges you with a +8 vorpal club!!
You die...

#...# #.# #...#
##.## #...#####...#
#......##...#
#.......#..(#
####..........##
#..q.C.#......#
#....dq####......
#...dpbq...........
###..*dd..§.........
#..§d#####...#####
#..^d# #...# #....#
#...# ...... .......
........


You could see an orb of fire, a Killer Klown, a white draconian monk, a purple
draconian knight (ally target), a black draconian, a yellow draconian (mute), 2
draconians, a purple draconian, a red draconian (berserk), a red draconian
shifter and a friendly cyclops (summoned, berserk, extremely poisoned).

Vanquished Creatures
  2 ancient liches
  A dread lich (Vaults:5)
  Mennas (Crypt:3)
  A juggernaut (Depths:4)
  Sojobo (Vaults:2)
  Frederick (Crypt:3)
  A Killer Klown (Zot:2)
  A curse toe (Zot:2)
  4 golden dragons
  A shard shrike zombie (Crypt:1)
  10 tentacled monstrosities
  2 deep elf blademasters (Elf:3)
  5 deep elf master archers
  4 liches
  7 titans (Vaults:5)
  3 krakens (Shoals:4)
  7 ancient champions
  8 death cobs
  9 sphinxes
  Kirke (D:12)
  A storm dragon (shapeshifter) (Depths:3)
  Roxanne (Shoals:3)
  Gastronok (Lair:3)
  9 tengu reavers
  8 shadow dragons
  3 storm dragons
  Donald (Vaults:4)
  3 revenants
  15 frost giants
  3 nagarajas
  5 draconian monks
  5 deep elf sorcerers
  6 draconian knights
  3 iron dragons
  8 fire giants
  4 draconian scorchers
  A ghost moth (Zot:3)
  Aizul (Elf:2)
  7 draconian stormcallers
  2 ghost moths (shapeshifter)
  16 vault wardens
  2 draconian shifters
  4 ghouls (Crypt:3)
  32 very ugly things
  2 deep elf elementalists (Elf:3)
  6 draconian annihilators
  17 ironbound preservers
  2 reapers
  A war gargoyle (Vaults:5)
  A spriggan defender (Depths:3)
  13 vampire knights
  20 stone giants
  5 black draconians
  8 green draconians
  7 deep elf demonologists
  3 entropy weavers
  6 deep elf annihilators
  9 spark wasps
  2 white draconians
  8 yellow draconians
  5 red draconians
  5 purple draconians
  An entropy weaver (shapeshifter) (Vaults:5)
  4 dire elephants
  6 merfolk javelineers
  13 merfolk impalers
  2 eidola (Crypt:2)
  A green death (Depths:3)
  11 fire dragons
  5 deep elf high priests
  3 deep elf death magi
  13 ettins
  10 jiangshi
  Josephine (D:14)
  The ghost of Rohain the Geomancer, a journeyman DrFE of Vehumet (D:10)
  11 great orbs of eyes
  5 rakshasas
  3 salamander tyrants (Snake:4)
  14 ice dragons
  A fenstrider witch zombie (Crypt:1)
  7 ironbound thunderhulks
  14 yaktaur captains
  12 naga warriors
  Fannar (D:12)
  5 boulder beetles
  15 hydras
  3 spriggan air magi
  32 vault guards
  2 catoblepae
  7 ironbound frosthearts
  An alligator snapping turtle (Shoals:1)
  Erica (D:9)
  Erolcha (Orc:1)
  3 merfolk avatars
  30 centaur warriors
  7 death knights
  A death yak (Lair:5)
  16 dancing weapons
  A satyr (shapeshifter) (D:14)
  5 anacondas
  5 merfolk aquamancers
  2 two-headed ogres
  A satyr (Shoals:3)
  A spriggan berserker (Depths:5)
  5 tengu warriors
  18 deep troll shamans
  6 deep troll earth magi
  14 vampire magi
  5 orc high priests
  4 ironbound beastmasters
  9 shock serpents
  Urug (Lair:1)
  8 naga sharpshooters
  A sun demon (Depths:3)
  A shock serpent (shapeshifter) (Elf:3)
  3 large abominations (Depths:4)
  2 storm dragon zombies (Crypt:3)
  20 hell knights
  22 deep elf knights
  Nergalle (Orc:1)
  A titan skeleton (Vaults:5)
  12 iron trolls
  9 sea snakes
  A quicksilver dragon simulacrum (Crypt:3)
  2 salamander mystics
  5 glowing orange brains
  7 shadow wraiths
  24 skeletal warriors
  2 anaconda zombies (Crypt:3)
  65 deep trolls
  A gelid demonspawn (Depths:3)
  2 golden dragon zombies (Crypt:3)
  A death drake (Zot:2)
  7 naga ritualists
  5 flayed ghosts
  4 swamp dragons (Zot:2)
  3 bog bodies (Crypt:3)
  14 wizards
  14 ironbound convokers
  14 deep elf archers
  An orange crystal statue (Depths:3)
  A swamp dragon (shapeshifter) (Depths:4)
  21 phantasmal warriors
  7 orc knights
  23 deep elf pyromancers
  A lindwurm (Vaults:1)
  A shadow dragon zombie (Crypt:3)
  24 harpies
  30 deep elf zephyrmancers
  15 necromancers
  A wolf spider (Vaults:5)
  A tengu skeleton (Vaults:4)
  2 mana vipers
  43 ugly things
  17 manticores
  4 cyclopes
  A cyclops (shapeshifter) (Depths:5)
  A manticore (shapeshifter) (Elf:1)
  11 salamanders
  A frost giant zombie (Crypt:3)
  9 moths of wrath
  2 human skeletons
  11 elephants
  A rust devil (Depths:1)
  36 vault sentinels
  8 water nymphs
  19 fauns
  2 ice statues (IceCv)
  2 spectral centaurs (D:10)
  A guardian serpent (Snake:3)
  19 black mambas
  2 titan simulacra (Crypt:3)
  A gargoyle (D:12)
  A dire elephant skeleton (Crypt:1)
  A torpor snail (Lair:6)
  Joseph (D:8)
  11 merfolk sirens
  7 naga magi
  26 cane toads
  9 komodo dragons
  47 yaktaurs
  A storm dragon simulacrum (Crypt:3)
  A catoblepas zombie (Crypt:1)
  Psyche (D:9)
  9 rime drakes
  A white draconian zombie (Crypt:3)
  3 unseen horrors
  19 freezing wraiths
  A spark wasp simulacrum (Depths:1)
  A yellow draconian zombie (Crypt:1)
  6 tengu conjurers
  An emperor scorpion zombie (Crypt:3)
  A ghost moth simulacrum (Crypt:3)
  A hellwing (Depths:3)
  26 merfolk
  A hydra zombie (Crypt:1)
  7 ice devils (IceCv)
  2 golden dragon simulacra (Crypt:3)
  A meliai (shapeshifter) (Vaults:2)
  4 polar bears
  A red devil (Depths:3)
  9 trolls
  3 wolf spider simulacra
  2 hornets
  3 tyrant leeches (Lair:6)
  5 wind drakes
  An iron dragon simulacrum (Crypt:3)
  An ettin zombie (Crypt:3)
  A frost giant simulacrum (Crypt:3)
  26 blink frogs
  2 fire dragon zombies (Crypt:1)
  A stone giant simulacrum (Crypt:1)
  41 slime creatures
  4 fire giant simulacra (Crypt:3)
  6 dream sheep
  A dream sheep (shapeshifter) (Elf:3)
  A hydra skeleton (Crypt:1)
  A spriggan (shapeshifter) (Vaults:5)
  12 snapping turtles
  2 air elementals
  10 flying skulls (Crypt:2)
  3 centaur simulacra
  A spriggan (Lair:2)
  2 shadows
  29 vampires
  20 wraiths
  5 redbacks
  31 yaks
  9 wyverns
  An ettin skeleton (Depths:1)
  A satyr skeleton (Crypt:2)
  A tarantella (shapeshifter) (Depths:3)
  14 water elementals
  6 hogs
  Grum (D:8)
  A human (D:7)
  A basilisk (Lair:6)
  A fire bat (shapeshifter) (Vaults:5)
  2 fire elementals (Elf:1)
  2 elf skeletons (Vaults:5)
  15 vampire mosquitoes
  3 chaos spawn (Depths:4)
  A minotaur simulacrum (Crypt:3)
  4 two-headed ogre zombies (WizLab)
  A warg (Orc:2)
  An orb spider zombie (Crypt:1)
  57 nagas
  2 acid dragons
  18 water moccasins
  A floating eye (shapeshifter) (Depths:5)
  36 orc warriors
  A hornet zombie (D:8)
  6 black bears
  8 small abominations (Depths:4)
  2 fire dragon simulacra (Crypt:3)
  A cane toad skeleton (Crypt:3)
  4 ice beasts
  A sky beast (D:6)
  A manticore zombie (Crypt:3)
  5 necrophages
  An alligator simulacrum (Crypt:3)
  14 centaurs
  An ice dragon simulacrum (Crypt:1)
  16 ogres
  A lindwurm skeleton (Crypt:2)
  20 wolves
  6 boggarts
  A hog skeleton (Crypt:1)
  An elf zombie (Crypt:1)
  4 human zombies
  23 bullfrogs
  5 kobold brigands
  A wyvern zombie (D:5)
  A merfolk simulacrum (Crypt:3)
  A yaktaur zombie (Crypt:2)
  2 gnoll sergeants (D:10)
  2 scorpions
  A gelid demonspawn simulacrum (Crypt:3)
  2 spriggan zombies
  A yak zombie (Crypt:3)
  A polar bear zombie (Crypt:2)
  3 snapping turtle simulacra (Crypt:3)
  A manticore simulacrum (Crypt:3)
  11 troll zombies (WizLab)
  8 wights
  2 howler monkeys
  4 electric eels
  A lava snake (Snake:4)
  4 centaur zombies
  2 hounds (D:7)
  A basilisk zombie (Crypt:3)
  A jelly (D:5)
  A bullfrog zombie (D:6)
  A centaur skeleton (D:6)
  31 orc priests
  Crazy Yiuf (D:2)
  A gnoll shaman (D:9)
  Ijyb (D:5)
  Jessica (D:3)
  2 iguanas
  Natasha (thrice) (D:3)
  14 orc wizards
  A black bear skeleton (Crypt:2)
  4 hell rats (Lair:5)
  2 ogre zombies (WizLab)
  A sky beast zombie (Crypt:3)
  An ogre skeleton (Crypt:1)
  A naga skeleton (Crypt:1)
  A hound skeleton (D:5)
  A mummy (D:11)
  A howler monkey zombie (D:6)
  9 adders
  6 gnolls
  A howler monkey skeleton (D:5)
  A naga simulacrum (Crypt:3)
  A shadow imp (D:8)
  10 white imps
  7 ufetubi (IceCv)
  An adder skeleton (Crypt:1)
  A lava snake skeleton (Crypt:1)
  4 worms
  84 orcs
  4 ball pythons
  6 endoplasms
  A giant cockroach (D:4)
  A gnoll zombie (Crypt:1)
  5 goblins
  2 hobgoblins
  6 jackals
  12 kobolds
  A quokka (D:5)
  4 bats
  4 frilled lizards
  A frilled lizard zombie (Crypt:2)
  A hobgoblin skeleton (Crypt:2)
  A quokka skeleton (Crypt:3)
  10 rats
  A plant (Shoals:3)
  12 tentacles (Shoals:4)
2272 creatures vanquished.

Vanquished Creatures (collateral kills)
  Bai Suzhen (Crypt:3)
  Saint Roka (Orc:2)
  Jory (Crypt:3)
  Rupert (D:14)
  A ghoul (Crypt:3)
  A vampire knight (Crypt:3)
  Snorg (D:11)
  A dancing weapon (Elf:2)
  A vampire mage (Crypt:3)
  2 orc high priests (Orc:2)
  3 skeletal warriors (Crypt:1)
  A necromancer (Crypt:1)
  An orc knight (Orc:2)
  4 oklob plants (Lair:5)
  A shadow dragon skeleton (Crypt:1)
  A fire giant zombie (Crypt:3)
  A black mamba (Snake:2)
  A naga mage (Snake:2)
  A frost giant simulacrum (Crypt:1)
  A naga (Snake:2)
  5 orc warriors
  A fire dragon simulacrum (Crypt:1)
  A bullfrog (Lair:6)
  An ogre skeleton (Crypt:1)
  A white imp (D:14)
  An iguana zombie (Crypt:3)
  2 orcs (Orc:2)
38 creatures vanquished.

Vanquished Creatures (others)
  Margery (Crypt:3)
  A vault guard (Vaults:5)
  A deep elf knight (Elf:3)
  A deep troll (Vaults:4)
  An air elemental (Elf:3)
  A wraith (Crypt:1)
  A human (D:12)
  An orc warrior (Elf:2)
  3 white imps (IceCv)
  An ufetubus (IceCv)
  94 fungi
  188 plants
  14 tentacles (Shoals:4)
308 creatures vanquished.

Grand Total: 2618 creatures vanquished

Notes
Turn   | Place    | Note
-------+----------+-------------------------------------------
     0 | D:1      | rjrrt the Demonspawn Berserker began the quest for the Orb.
     0 | D:1      | Reached XP level 1. HP: 18/18 MP: 1/1
    52 | D:1      | Reached skill level 3 in Axes
   287 | D:1      | Gained mutation: You have sharp toenails. [demonic
                  | ancestry]
   287 | D:1      | Reached XP level 2. HP: 16/24 MP: 2/2
  1436 | D:2      | Found a runed translucent door.
  1437 | D:2      | Noticed Crazy Yiuf
  1444 | D:2      | Killed Crazy Yiuf
  1445 | D:2      | Reached skill level 4 in Axes
  1445 | D:2      | Reached XP level 3. HP: 29/29 MP: 3/3
  1790 | D:2      | Reached ** piety under Trog
  2182 | D:2      | Gained mutation: You are partially covered in large bone
                  | plates. (SH +4) [demonic ancestry]
  2182 | D:2      | Reached XP level 4. HP: 35/35 MP: 4/4
  2221 | D:2      | Found Mimuunufuli's Distillery.
  2226 | D:2      | Bought a potion of heal wounds for 65 gold pieces
  2598 | D:3      | Noticed Natasha
  2615 | D:3      | Killed Natasha
  2616 | D:3      | Reached skill level 5 in Axes
  2806 | D:3      | Noticed Jessica
  2808 | D:3      | Killed Jessica
  2809 | D:3      | Reached XP level 5. HP: 41/41 MP: 5/5
  2852 | D:3      | Noticed Natasha
  2865 | D:3      | Killed Natasha
  3145 | D:3      | Found a runed translucent gate.
  3145 | D:3      | Noticed GEC's ghost (amateur DsGl)
  3146 | D:3      | Found a runed translucent gate.
  3147 | D:3      | Found a runed translucent gate.
  3290 | D:3      | Noticed Natasha
  3312 | D:3      | Killed Natasha
  3928 | D:4      | Reached skill level 6 in Axes
  4049 | D:4      | Reached XP level 6. HP: 39/47 MP: 6/6
  4877 | D:5      | Entered Level 5 of the Dungeon
  4944 | D:5      | Noticed Ijyb
  4957 | D:5      | Killed Ijyb
  5556 | D:5      | Reached XP level 7. HP: 53/53 MP: 7/7
  5612 | D:5      | Reached *** piety under Trog
  5636 | D:5      | Reached skill level 7 in Axes
  6095 | D:6      | Identified a scroll of acquirement
  6095 | D:6      | Acquired a manual of Fighting
  6190 | D:6      | Gained mutation: You have razor-sharp toenails. [demonic
                  | ancestry]
  6190 | D:6      | Reached XP level 8. HP: 42/61 MP: 8/8
  6192 | D:6      | Reached skill level 5 in Fighting
  6386 | D:6      | Reached skill level 8 in Axes
  6740 | D:6      | Found Wufuj's Assorted Antiques.
  6743 | D:6      | Bought a scroll of teleportation for 69 gold pieces
  6951 | D:7      | Found Eviemm's Book Shop.
  6951 | D:7      | Found Veahus's Distillery.
  7128 | D:7      | Found a staircase to the Ecumenical Temple.
  7184 | D:7      | Found Veejumn's Distillery.
  7186 | D:7      | Bought a potion of degeneration for 14 gold pieces
  7303 | D:7      | Reached skill level 9 in Axes
  7303 | D:7      | Gained mutation: You are mostly covered in large bone
                  | plates. (SH +6) [demonic ancestry]
  7303 | D:7      | Reached XP level 9. HP: 71/72 MP: 9/9
  7313 | D:7      | Found Vonwemac's Antique Weapon Shop.
  7414 | D:7      | Reached skill level 5 in Armour
  7848 | D:8      | Noticed Joseph
  7875 | D:8      | Killed Joseph
  7983 | D:8      | Reached **** piety under Trog
  8087 | D:8      | Reached skill level 10 in Axes
  8114 | D:8      | Noticed an orange crystal statue
  8265 | D:8      | Noticed Grum
  8285 | D:8      | Killed Grum
  8942 | D:9      | Reached XP level 10. HP: 83/83 MP: 8/10
  9042 | D:9      | Noticed Erica
  9299 | D:9      | Reached skill level 1 in Evocations
  9323 | D:9      | Found a transporter.
  9323 | D:9      | Noticed a two-headed ogre
  9411 | D:9      | Killed Erica
  9675 | D:9      | Found Emputae's Jewellery Emporium.
  9772 | D:9      | Noticed a cyclops
  9793 | D:9      | Killed a cyclops
  9794 | D:9      | Reached skill level 10 in Fighting
  9794 | D:9      | Reached skill level 11 in Axes
  9878 | D:9      | Found a transporter.
  9878 | D:9      | Noticed a cyclops
  9930 | D:9      | Noticed Psyche
  9941 | D:9      | Killed Psyche
 10082 | D:10     | Entered Level 10 of the Dungeon
 10100 | D:10     | Noticed a two-headed ogre
 10136 | D:10     | Killed a two-headed ogre
 10185 | D:10     | Found a runed translucent gate.
 10185 | D:10     | Found a runed translucent gate.
 10185 | D:10     | Found a runed translucent gate.
 10185 | D:10     | Noticed a spectral centaur warrior
 10185 | D:10     | Noticed Rohain's ghost (journeyman DrFE)
 10185 | D:10     | Noticed a spectral centaur warrior
 10242 | D:10     | Found a staircase to the Lair.
 10416 | D:10     | Found a burning altar of Makhleb.
 10444 | D:10     | Gained mutation: You have claws for feet. [demonic
                  | ancestry]
 10444 | D:10     | Reached XP level 11. HP: 70/92 MP: 11/11
 10530 | D:10     | Identified the +1 robe of the Turtle {rF- Regen+ Int+5
                  | Dex+3}
 10711 | D:10     | Reached ***** piety under Trog
 11224 | D:10     | Found a staircase to the Orcish Mines.
 11673 | Lair:1   | Entered Level 1 of the Lair of Beasts
 11682 | Lair:1   | Reached skill level 13 in Axes
 11682 | Lair:1   | Reached XP level 12. HP: 100/100 MP: 12/12
 11737 | Lair:1   | Noticed Urug
 11757 | Lair:1   | Killed Urug
 12166 | Lair:1   | Noticed Sonja
 12167 | Lair:1   | Noticed Sonja
 12167 | Lair:1   | Sonja changed into Sonja the naga
 12179 | Lair:1   | Killed Sonja the naga
 12274 | Lair:1   | Reached skill level 14 in Axes
 12826 | Lair:2   | Noticed a seven-headed hydra
 12837 | Lair:2   | Killed a four-headed hydra
 12902 | Lair:2   | Noticed a four-headed hydra
 12929 | Lair:2   | Killed a one-headed hydra
 13347 | Lair:2   | Noticed a boulder beetle
 13493 | Lair:2   | Killed a boulder beetle
 13989 | Lair:2   | Found a staircase to the Shoals.
 14161 | Lair:2   | Noticed a catoblepas
 14184 | Lair:2   | Killed a catoblepas
 14470 | Lair:2   | Gained mutation: You regenerate a little health from kills.
                  | [demonic ancestry]
 14470 | Lair:2   | Reached XP level 13. HP: 98/109 MP: 13/13
 14657 | Lair:3   | Noticed Gastronok
 14677 | Lair:3   | Killed Gastronok
 14756 | Lair:3   | Reached skill level 15 in Axes
 14771 | Lair:3   | Received a gift from Trog
 16107 | Lair:4   | Found a staircase to the Snake Pit.
 16443 | Lair:5   | Found a staircase to the Slime Pits.
 16443 | Lair:5   | Found a viscous altar of Jiyva.
 16823 | Lair:5   | Reached skill level 16 in Axes
 16885 | Lair:5   | Reached skill level 10 in Armour
 17341 | Lair:5   | Received a gift from Trog
 17342 | Lair:5   | Gained mutation: You regenerate health from kills. [demonic
                  | ancestry]
 17342 | Lair:5   | Reached XP level 14. HP: 93/119 MP: 14/14
 17452 | Lair:6   | Entered Level 6 of the Lair of Beasts
 18739 | Lair:6   | Identified the +11 chain mail of Trumpets {Rampage rCorr
                  | Str-2 Int+5}
 18746 | Lair:6   | Received a gift from Trog
 19244 | Orc:1    | Entered Level 1 of the Orcish Mines
 19267 | Orc:1    | Noticed Nergalle
 19277 | Orc:1    | Killed Nergalle
 19278 | Orc:1    | Reached skill level 17 in Axes
 19537 | Orc:1    | Noticed Erolcha
 19544 | Orc:1    | Killed Erolcha
 19600 | Orc:1    | Found Leiciuca's Magic Scroll Emporium.
 19780 | Orc:2    | Entered Level 2 of the Orcish Mines
 20026 | Orc:2    | Found a staircase to the Elven Halls.
 20250 | Orc:2    | Noticed Saint Roka
 20258 | Orc:2    | Killed Saint Roka
 20871 | Orc:2    | Received a gift from Trog
 20942 | Orc:2    | Gained mutation: A meltable shield of frost defends you.
                  | (SH +0) [demonic ancestry]
 20942 | Orc:2    | Reached XP level 15. HP: 127/127 MP: 15/15
 21006 | Orc:2    | Reached skill level 15 in Fighting
 21069 | Orc:2    | Found Sijox's Magic Scroll Shop.
 21069 | Orc:2    | Found Diucunog's Book Shop.
 21070 | Orc:2    | Found Pimel's Armour Boutique.
 21070 | Orc:2    | Found Neiluof's General Store.
 21598 | D:11     | Found a runed translucent door.
 21598 | D:11     | Found a shimmering altar of Xom.
 21598 | D:11     | Noticed HilariousDeathArtist's ghost (journeyman MiIE)
 21618 | D:11     | Found Dyroph's Serpentskin Sales.
 21632 | D:11     | Upgraded the game from 0.27-a0-1144-g0b7d3b79db to
                  | 0.27-a0-1147-gb3d8e82157
 21641 | D:11     | Noticed Snorg
 21648 | D:11     | Killed Snorg
 21821 | D:12     | Noticed Kirke
 21830 | D:12     | Noticed a sphinx
 21834 | D:12     | Killed Kirke
 21835 | D:12     | Reached skill level 18 in Axes
 22068 | D:12     | Noticed Fannar
 22118 | D:12     | Killed Fannar
 22417 | D:13     | Found Tougram's Distillery.
 22474 | D:13     | You fall into a shaft and drop 1 floor!
 22591 | D:14     | Found a frozen archway.
 22604 | IceCv    | Entered an ice cave
 22668 | IceCv    | Reached ****** piety under Trog
 22763 | IceCv    | Received a gift from Trog
 23715 | Orc:2    | Bought the +6 gold dragon scales of Teed {rPois rF+ rC+
                  | rN++ Int+7} for 1658 gold pieces
 24090 | D:13     | Acquired the +1 cloak of Starlight {*Dazzle EV+4 Stlth--}
 24091 | D:13     | Found the +1 cloak of Starlight {*Dazzle EV+4 Stlth--}
 24670 | D:14     | Received a gift from Trog
 24683 | D:14     | Found a gate to the Vaults.
 24876 | D:14     | Noticed Josephine
 24893 | D:14     | Killed Josephine
 24894 | D:14     | Reached skill level 19 in Axes
 24935 | D:14     | Noticed Rupert
 24940 | D:14     | Paralysed by Rupert for 2 turns
 24943 | D:14     | Killed Rupert
 25409 | D:15     | Entered Level 15 of the Dungeon
 25417 | D:15     | Reached skill level 5 in Evocations
 25544 | D:15     | Reached XP level 16. HP: 111/136 MP: 16/16
 25812 | D:15     | Found Xischaosmu's Assorted Antiques.
 25998 | D:15     | Found a staircase to the Depths.
 26189 | Orc:1    | Bought a scroll of brand weapon for 280 gold pieces
 26308 | Snake:1  | Entered Level 1 of the Snake Pit
 26547 | Snake:1  | You fall into a shaft and drop 1 floor!
 26694 | Snake:2  | Received a gift from Trog
 26695 | Snake:2  | Found the +8 frozen axe "Frostbite" {freezing cloud, *Noise
                  | Fly rC+}
 27057 | Snake:1  | Found an opulent altar of Gozag.
 27315 | Snake:1  | Found Imiliq's Jewellery Emporium.
 27566 | Snake:2  | Found Pintub's Weapon Emporium.
 29218 | Snake:4  | Entered Level 4 of the Snake Pit
 29340 | Snake:4  | Reached skill level 20 in Axes
 29877 | Snake:4  | Received a gift from Trog
 30320 | Snake:4  | Gained mutation: A meltable icy envelope protects you from
                  | harm. (AC +0) [demonic ancestry]
 30320 | Snake:4  | Reached XP level 17. HP: 65/144 MP: 13/17
 30505 | Snake:4  | Reached skill level 5 in Dodging
 30945 | Snake:4  | Got a serpentine rune of Zot
 31284 | Vaults:1 | Entered Level 1 of the Vaults
 31477 | Vaults:1 | Identified the ring "Jiriarphe" {rPois rN+ Str+6}
 31481 | Vaults:1 | Received a gift from Trog
 31542 | Vaults:1 | Identified the Disquisition on Shifting Contamination
 31704 | Vaults:1 | Reached skill level 21 in Axes
 32127 | Vaults:1 | Received a gift from Trog
 32431 | Vaults:2 | Found Buatoxuxt's Assorted Antiques.
 32452 | Vaults:2 | Gained mutation: You punish those that try to bend your
                  | will. (Will+) [demonic ancestry]
 32452 | Vaults:2 | Reached XP level 18. HP: 153/153 MP: 18/18
 32462 | Vaults:2 | Found Qemnuqoh's Weapon Boutique.
 32804 | Vaults:2 | Found Ynanaor's Book Shop.
 33005 | Vaults:2 | Found Divon's Jewellery Shop.
 33108 | Vaults:2 | Received a gift from Trog
 33343 | Vaults:2 | Found a staircase to the Crypt.
 33343 | Vaults:2 | Found an ancient bone altar of Kikubaaqudgha.
 33343 | Vaults:2 | Found a basalt altar of Yredelemnul.
 33593 | Vaults:2 | Identified the +7 arbalest of Fate {flame, *Slow rC+ Will++
                  | SInv}
 33770 | Crypt:1  | Entered Level 1 of the Crypt
 33778 | Crypt:1  | Noticed Sojobo
 33804 | Vaults:2 | Killed Sojobo
 33919 | Crypt:1  | Received a gift from Trog
 33924 | Crypt:1  | Reached skill level 22 in Axes
 33924 | Crypt:1  | Gained mutation: You are resistant to unholy torment.
                  | [demonic ancestry]
 33924 | Crypt:1  | Reached XP level 19. HP: 161/161 MP: 19/19
 34325 | D:10     | Killed Rohain's ghost
 34809 | Crypt:1  | Identified the +1 pair of boots of Vexation {rC+ Regen+
                  | Int+2 Dex+4}
 35061 | Crypt:2  | Received a gift from Trog
 35950 | Crypt:3  | Entered Level 3 of the Crypt
 35950 | Crypt:3  | Noticed Mennas
 35964 | Crypt:3  | Killed Mennas
 36152 | Crypt:3  | Noticed Margery
 36178 | Crypt:3  | Killed Margery
 36184 | Crypt:3  | Reached skill level 10 in Dodging
 36382 | Crypt:3  | Noticed Bai Suzhen
 36393 | Crypt:3  | Killed Bai Suzhen
 36513 | Crypt:3  | Gained mutation: A meltable icy envelope protects you from
                  | harm. (AC +0) [demonic ancestry]
 36513 | Crypt:3  | Reached XP level 20. HP: 125/170 MP: 20/20
 36516 | Crypt:3  | Received a gift from Trog
 36780 | Crypt:3  | Found a staircase to the Tomb.
 37136 | Crypt:3  | Reached skill level 23 in Axes
 37142 | Crypt:3  | Received a gift from Trog
 37374 | Crypt:3  | Noticed Jory
 37387 | Crypt:3  | Killed Jory
 37461 | Crypt:3  | Identified the ring "Edile" {Drain rElec rN+ Str+7 Dex+4}
 37463 | Crypt:3  | Identified the ring "Matoeg" {Contam rN+ Will+ Int+3 Dex+3}
 37525 | Crypt:3  | Noticed Frederick
 37537 | Crypt:3  | Killed Frederick
 38523 | Orc:2    | Bought a potion of experience for 650 gold pieces
 38524 | Orc:2    | Gained mutation: You are completely covered in large bone
                  | plates. (SH +8) [demonic ancestry]
 38524 | Orc:2    | Reached XP level 21. HP: 177/177 MP: 21/21
 39170 | Vaults:3 | Received a gift from Trog
 39780 | Vaults:3 | Reached skill level 15 in Armour
 39886 | Vaults:3 | Acquired 1109 gold pieces
 40163 | Vaults:4 | Noticed Donald
 40174 | Vaults:4 | Killed Donald
 40174 | Vaults:4 | Received a gift from Trog
 40197 | Vaults:4 | Reached XP level 22. HP: 185/185 MP: 22/22
 40463 | Vaults:4 | Found Daed's Jewellery Boutique.
 40612 | Vaults:4 | Reached skill level 24 in Axes
 40674 | Vaults:4 | Received a gift from Trog
 41545 | Vaults:5 | Entered Level 5 of the Vaults
 41605 | Vaults:5 | Received a gift from Trog
 41688 | Vaults:5 | Reached XP level 23. HP: 189/194 MP: 23/23
 41833 | Vaults:5 | Noticed a dread lich
 41842 | Vaults:5 | Killed a dread lich
 41864 | Vaults:5 | Received a gift from Trog
 42211 | Vaults:5 | Identified the +12 shortbow of the Warrior {vorpal, rPois
                  | rC++ Dex-5 SInv}
 42283 | Vaults:5 | Noticed an ancient lich
 42294 | Vaults:5 | Killed an ancient lich
 42780 | Vaults:5 | Reached skill level 25 in Axes
 42870 | Vaults:5 | Identified the +2 scale mail of the Unbroken {*Corrode
                  | rN+++ Int-2 Stlth+}
 43055 | Vaults:5 | Identified the +2 pair of gloves of Sunlight {Will+}
 43270 | Vaults:5 | Identified the +4 battleaxe "Kawuat Alyg" {freeze, +Blink
                  | Fly Str-5 Stlth+}
 43298 | Vaults:5 | Identified the Handbook of Creative Transmutation
 43397 | Vaults:5 | Noticed Mara
 43405 | Vaults:5 | Got a silver rune of Zot
 43425 | Vaults:5 | Noticed rjrrt's illusion
 43735 | Vaults:5 | Identified the +2 leather armour of True Grit {rPois rC++
                  | Int-5}
 43842 | Vaults:5 | Identified the +0 cloak "Peibej" {rPois}
 44437 | Elf:1    | Entered Level 1 of the Elven Halls
 44443 | Elf:1    | Received a gift from Trog
 44459 | Elf:1    | Found Hosezit's Magic Scroll Boutique.
 44513 | Elf:1    | Found Toiluimi's Antique Weapon Shop.
 44804 | Elf:1    | Received a gift from Trog
 44937 | Elf:1    | Found Taozolui's Antique Weapon Shoppe.
 45162 | Elf:1    | Found Vyughoup's Antique Weapon Shop.
 45499 | Elf:2    | Noticed Aizul
 45508 | Elf:2    | Killed Aizul
 45509 | Elf:2    | Reached XP level 24. HP: 179/203 MP: 23/23
 45693 | Elf:2    | Identified the +6 battleaxe of Conformity {vorpal, +Rage
                  | rCorr Str+2 Stlth+} (Trog gifted it to you on level 2 of
                  | the Elven Halls)
 45693 | Elf:2    | Received a gift from Trog
 45756 | Elf:2    | Found Cedoenejopt's Armour Shop.
 45801 | Elf:2    | Found Nuticluho's General Store.
 45817 | Elf:2    | Found Qaatesecs's Armour Shoppe.
 45951 | Elf:2    | Found a huge runed translucent gate.
 45951 | Elf:2    | Found a huge runed translucent gate.
 45952 | Elf:2    | Found a huge runed translucent gate.
 45953 | Elf:2    | Found a huge runed translucent gate.
 45957 | Elf:2    | Found a huge runed translucent gate.
 46110 | Elf:3    | Entered Level 3 of the Elven Halls
 46560 | Elf:2    | Found a radiant altar of Vehumet.
 46642 | Elf:3    | Received a gift from Trog
 47116 | Elf:3    | Identified the +0 falchion of Starshine {elec, rC++ Stlth+}
 47119 | Elf:3    | Identified the +5 spear of Profit {flame, Stlth+}
 47137 | Elf:3    | Found the +5 robe of Night {Dark Will+ SInv}
 47156 | Elf:3    | Identified the +10 morningstar of Jiume {flame, rPois
                  | Stlth+}
 47195 | Elf:3    | Identified the +7 scythe of Qouhu {vamp, Dex+4 SInv}
 47221 | Elf:3    | Identified the ring of Uneuh Dyavacw {rElec rCorr MP+9
                  | Int-2 Stlth+}
 47483 | Shoals:1 | Entered Level 1 of the Shoals
 48315 | Shoals:1 | Received a gift from Trog
 48397 | Shoals:2 | Found Usosomorch's Magic Scroll Shoppe.
 48408 | Shoals:2 | Bought a scroll of acquirement for 780 gold pieces
 48408 | Shoals:2 | Bought a scroll of brand weapon for 300 gold pieces
 48408 | Shoals:2 | Bought a scroll of blinking for 112 gold pieces
 48408 | Shoals:2 | Bought a scroll of brand weapon for 300 gold pieces
 48408 | Shoals:2 | Bought a scroll of enchant weapon for 112 gold pieces
 48409 | Shoals:2 | Acquired 793 gold pieces
 48519 | Shoals:2 | Identified the ring "Por Viop" {rCorr SInv}
 48524 | Shoals:2 | Acquired 493 gold pieces
 48870 | Shoals:2 | Acquired 1007 gold pieces
 49131 | Shoals:3 | Found Joargh's General Store.
 49261 | Shoals:3 | Identified Roxanne's Handbook of the Rocks
 49261 | Shoals:3 | Noticed Roxanne
 49286 | Shoals:3 | Killed Roxanne
 49286 | Shoals:3 | Received a gift from Trog
 49875 | Shoals:4 | Entered Level 4 of the Shoals
 50301 | Shoals:4 | Reached skill level 26 in Axes
 50515 | Shoals:4 | Identified the ring "Xeca" {rPois rF+ Int+3}
 50595 | Shoals:4 | Found Jedi's Magic Scroll Boutique.
 50710 | Shoals:4 | Gained mutation: You can hurl damnation. [demonic ancestry]
 50710 | Shoals:4 | Reached XP level 25. HP: 201/212 MP: 23/23
 50758 | Shoals:4 | Received a gift from Trog
 50881 | Shoals:4 | Got a barnacled rune of Zot
 51385 | Depths:1 | Entered Level 1 of the Depths
 51758 | Depths:1 | Found an opulent altar of Gozag.
 51762 | Depths:1 | Found Gozag's Platinum Reserve.
 51809 | Depths:1 | Found Vaennut's Magic Scroll Emporium.
 51818 | Depths:1 | Bought a scroll of blinking for 82 gold pieces
 51818 | Depths:1 | Bought a scroll of fog for 22 gold pieces
 51823 | Depths:1 | Found a gateway to Hell.
 51980 | Depths:1 | Received a gift from Trog
 52006 | Depths:1 | Identified the +4 plate armour "Pofuid" {rCorr Dex+2}
 52064 | Depths:1 | Found a one-way gate leading to the halls of Pandemonium.
 52256 | Depths:2 | Reached skill level 15 in Dodging
 52296 | Depths:2 | Found a gateway to a ziggurat.
 52565 | Depths:2 | Received a gift from Trog
 52903 | Depths:2 | Found a corrupted altar of Lugonu.
 52903 | Depths:2 | Found a one-way gate to the infinite horrors of the Abyss.
 53207 | Depths:3 | Found Dam Cimi's General Store.
 53207 | Depths:3 | Found Ymew's Assorted Antiques.
 53395 | Depths:3 | Found a runed translucent door.
 53407 | Depths:3 | Found a runed translucent door.
 54170 | Depths:3 | Received a gift from Trog
 54578 | Depths:3 | Gained mutation: You regenerate a lot of health from kills.
                  | [demonic ancestry]
 54578 | Depths:3 | Reached XP level 26. HP: 211/222 MP: 23/23
 54925 | Depths:4 | Noticed a juggernaut
 54938 | Depths:4 | Killed a juggernaut
 54968 | Depths:4 | Received a gift from Trog
 54985 | Depths:4 | Identified the +8 chain mail of Generosity {-Cast rElec
                  | Slay+3}
 54997 | Depths:4 | Identified the Compendium of Feathers
 55097 | Depths:4 | Paralysed by a vampire knight for 4 turns
 55110 | Depths:4 | Reached skill level 27 in Axes
 55333 | Depths:4 | Reached skill level 10 in Evocations
 55807 | Depths:5 | Entered Level 5 of the Depths
 55864 | Depths:5 | Found a magical portal.
 55873 | WizLab   | Entered Zonguldrok's Shrine
 56011 | WizLab   | Received a gift from Trog
 56284 | WizLab   | Noticed an antique lich
 56286 | WizLab   | Found the +9 sword of Zonguldrok {reap}
 56290 | WizLab   | Killed an antique lich
 56479 | Depths:5 | Found a gate to the Realm of Zot.
 57839 | Orc:1    | Bought a scroll of enchant weapon for 105 gold pieces
 57839 | Orc:1    | Bought a scroll of blinking for 105 gold pieces
 57839 | Orc:1    | Bought a scroll of teleportation for 42 gold pieces
 57839 | Orc:1    | Bought a scroll of blinking for 105 gold pieces
 57839 | Orc:1    | Bought 3 scrolls of brand weapon for 840 gold pieces
 57839 | Orc:1    | Bought a scroll of blinking for 105 gold pieces
 57962 | Orc:2    | Bought a scroll of enchant weapon for 112 gold pieces
 58272 | Depths:1 | Bought a scroll of enchant armour for 82 gold pieces
 58273 | Depths:1 | Bought a scroll of enchant weapon for 82 gold pieces
 58276 | Depths:1 | Bought a scroll of enchant weapon for 82 gold pieces
 58947 | Depths:5 | Upgraded the game from 0.27-a0-1147-gb3d8e82157 to
                  | 0.27-a0-1149-g4505690ab0
 58949 | Zot:1    | Entered Level 1 of the Realm of Zot
 59107 | Zot:1    | Received a gift from Trog
 59111 | Zot:1    | Reached XP level 27. HP: 211/231 MP: 23/23
 60387 | Zot:2    | Received a gift from Trog
 60591 | Zot:2    | You fall into a shaft and drop 2 floors!
 61357 | Zot:3    | Noticed an orb of fire
 61369 | Zot:3    | Gained mutation: You sometimes lose the ability to read
                  | scrolls when taking damage. [an orb of fire]
 61375 | Zot:3    | Gained mutation: You tend to lose your temper in combat.
                  | [an orb of fire]
 61379 | Zot:3    | Mangled by a Killer Klown

Illustrated notes

Levels and vault maps discovered:
D:1:      shiori_arrival_oz, layout_loops_ring, serial_forest,
          infiniplex_forest_clump_C, infiniplex_forest_corner_1,
          infiniplex_forest_lined_2, infiniplex_forest_clump_double,
          infiniplex_forest_lined_3_way, infiniplex_forest_end_3, minivault_27,
          hex_medium
D:2:      layout_loops_corners, serial_shops, shop_statue,
          uniq_crazy_yiuf_cottage
D:3:      layout_basic, gammafunk_ghost_nasty_kobolds, minivault_24,
          kennysheep_generic_room_9, uniq_natasha, uniq_jessica
D:4:      layout_gridville, minmay_misc_feat_hallway
D:5:      layout_loops_ring, uniq_ijyb
D:6:      layout_cave_pools, serial_shops, kennysheep_mini
D:7:      layout_rooms, minmay_temple_entry_trees, serial_shops,
          nicolae_shop_trees, shop, shop, shop_statue, minmay_misc_feat_room,
          nrook_loot_triangle, grunt_livestock, skrybe_limestone_x
D:8:      minmay_statue_hallways, layout_layer_cave, uniq_grum, uniq_joseph
D:9:      gammafunk_beogh_shrine, layout_basic, serial_shops, shop, uniq_erica,
          uniq_psyche
D:10:     layout_loops_ring, bloody_makhleb, due_lair_maze_entry_diamond,
          kennysheep_orc_monster_closet_entryway, gammafunk_ghost_necromancy
D:11:     layout_roguey, serial_undead, serial_undead_a, serial_undead_b,
          serial_undead_f, serial_undead_c, ebering_ghost_xom,
          guppyfry_shop_venom, uniq_snorg
D:12:     layout_cave_pools, uniq_fannar, uniq_kirke
D:13:     layout_grid_maze, serial_shops, shop, special_room [special_room_orc],
          serial_bayou_lagoon_a
D:14:     layout_loops_corners, david_vaults_2, serial_ice, serial_ice_l,
          serial_ice_c, serial_ice_b, serial_ice_n, portal_ice_cave_rime,
          uniq_josephine, uniq_rupert
D:15:     grunt_enter_depths_snipers, layout_rooms, serial_park_avenue1,
          serial_shops, shop
Lair:1:   layout_long_grid, uniq_urug, uniq_sonja
Lair:2:   layout_loops_ring, elwin_shoals_entry_rocks,
          chequers_serial_rivers_micro_e, chequers_serial_rivers_micro_b,
          forest_entry_grove, serial_bayou_shore_a, lemuel_fruit_tree
Lair:3:   layout_roguey, uniq_gastronok
Lair:4:   layout_layer_cave, dummy_snake_entry, lemuel_old_faithful
Lair:5:   layout_gridlike, slime_altar_1, grunt_megastairs_1,
          minmay_lair_oklob_chamber
Lair:6:   minmay_lair_end_frog_pond, layout_loops_ring, patterned_corridor
Shoals:1: layout_shoals
Shoals:2: layout_shoals, serial_shops, shop_fountains
Shoals:3: layout_shoals, nicolae_shoals_c_island, uniq_roxanne
Shoals:4: shoals_end_hangedman, layout_shoals, serial_shops,
          nicolae_shop_statue_plus, nicolae_shoals_mertower
Snake:1:  kennysheep_six_static_rooms, layout_rooms, basic_altar, serial_shops,
          nicolae_shop_trees, drop_trap, nicolae_snake_squiggles
Snake:2:  layout_onion, serial_shops, nicolae_shop_behind_doors
Snake:3:  layout_chambers, grunt_megastairs_3
Snake:4:  minmay_snake_end_coiled, layout_basic, st_stairs_8,
          grunt_ministairs_12, hangedman_snake_pattern
Orc:1:    layout_diamond_mine, serial_shops, shop_scrolls, uniq_nergalle,
          uniq_erolcha
Orc:2:    st_orc_pillars, layout_caves, uniq_saint_roka
Elf:1:    eino_elf_arrival_sip, layout_geoelf_octagon, serial_shops,
          nicolae_shop_trees, nicolae_shop_overgrown_old_shop, shop,
          nicolae_shop_statue_plus, kennysheep_underground_church
Elf:2:    layout_geoelf_octagon, serial_shops, shop, nicolae_shop_crystal, shop,
          lemuel_upstairs_altar, lemuel_elevator, uniq_aizul
Elf:3:    minmay_elf_hall_circle, layout_rooms
Vaults:1: nicolae_vaults_little_squares_4, nicolae_vaults_puzzle_piece,
          ontoclasm_vaults_chip, vaults_room_hangedman_quadrants,
          vaults_mumra_lcd, v_alt_pattern_1, v_pattern_4,
          nicolae_vaults_diagonal_hallway_7, vaults_room_octagon, v_misc_5,
          nicolae_vaults_theta, v_misc_27, vaults_dpeg_hooks, v_misc_9,
          vaults_room_hallway, layout_vaults_ring
Vaults:2: v_pattern_2, minmay_crypt_entry_necro_gods,
          nicolae_vaults_yaktaur_gun_rack, st_cells, ontoclasm_vaults_eye,
          layout_vaults_chaotic_city, serial_shops, nicolae_shop_behind_doors,
          shop, shop, shop_statue
Vaults:3: nicolae_vaults_network_periphery, nicolae_vaults_an_arrangement,
          v_misc_26, ontoclasm_vaults_bender, nicolae_vaults_sealed_display,
          ontoclasm_vaults_pinch, v_pattern_5, hangedman_vaults_corner,
          v_alt_pattern_2, v_misc_16, layout_vaults_maze_bifur
Vaults:4: vaults_room_fancy_cross, v_misc_24, grunt_vaults_hallway_long,
          v_rooms_1, nicolae_vaults_what_the_h, grunt_vaults_hallway_short,
          nicolae_vaults_rhombus_6, ontoclasm_vaults_chip, v_misc_14, v_misc_13,
          grunt_vaults_twisty, grunt_vaults_funnel, layout_vaults_omnigrid,
          serial_shops, nicolae_shop_crystal, uniq_donald
Vaults:5: uniq_mara
Crypt:1:  layout_catacombs, uniq_sojobo
Crypt:2:  layout_basic
Crypt:3:  due_elkab, layout_chaotic_city, st_chilly_death, uniq_bai_suzhen,
          uniq_frederick, uniq_mennas, uniq_margery
Depths:1: layout_cross, hell_entry, rand_demon_pan_entry_7, elyvilon_altar_5,
          serial_shops, nicolae_shop_temple_entry_statues_fountains,
          minmay_misc_feat_diagonals, nicolae_gozag_zags_fifth_avenue
Depths:2: minmay_bubble_buster, layout_long_grid, enter_ziggurat_a,
          minmay_door_square, abyss_entry_flame_altar, grunt_metal_band,
          minmay_staircase_bubble
Depths:3: thingy_vault_2, layout_honeycomb, abyss_entry_small_statue_room,
          pf_coc_iceberg, rand_demon_pan_entry_9, infiniplex_staircase_squiggle,
          firewood_loft, minmay_shoptagon
Depths:4: minmay_the_grid_four_pointed_star
          [minmay_the_grid_triangle_9x9_semitri,
          minmay_the_grid_triangle_9x9_alien,
          minmay_the_grid_triangle_9x9_flanged_cone,
          minmay_the_grid_triangle_9x9_wacky_v, minmay_the_grid_prize_big_room],
          layout_basic, minmay_room_of_horrors, hell_entry
Depths:5: evilmike_zot_entry_argh, layout_gridlike, hell_entry,
          mu_enter_wizlab_3, serial_sigils_hangedman_gnaw, uniq_jory
Zot:1:    layout_onion_interference, st_stairs_7, guppyfry_library_mini,
          grunt_megastairs_4
Zot:2:    layout_gridlike, hangedman_swamp_dais
Zot:3:    gammafunk_mikee_crab_dinner, layout_misc_corridors, grunt_megastairs_5
Zot:4:    kennysheep_ambush_hall, layout_misc_corridors, st_stairs_10

Skill      XL: |  1  2  3  4  5  6  7  8  9 10 11 12 13 14 15 16 17 18 19 20 21 22 23 24 25 26 27 |
---------------+----------------------------------------------------------------------------------+-----
Axes           | 3 4 5 6 7 9 10 11 13 14 16 17 19 20 21 22 23 24 25 26 27 | 27.0
Armour         | 2 3 4 6 7 8 10 11 12 13 14 15 16 17 18 19 | 19.9
Fighting       | 4 7 9 10 11 12 13 14 15 16 17 18 19 20 21 22 | 22.9
Evocations     | 3 4 5 6 9 10 | 10.0
Dodging        | 4 7 8 10 11 12 13 14 15 16 17 | 17.7

Action                   |  1- 3 |  4- 6 |  7- 9 | 10-12 | 13-15 | 16-18 | 19-21 | 22-24 | 25-27 || total
-------------------------+-------+-------+-------+-------+-------+-------+-------+-------+-------++-------
Melee: Hand axe          |    56 |   198 |   288 |   279 |    85 |       |       |       |       ||   906
       Kick              |     7 |     9 |       |    80 |   434 |   268 |   339 |   484 |   634 ||  2255
       Unarmed           |       |     4 |       |       |       |       |       |       |       ||     4
       Battleaxe         |       |       |       |   161 |  1136 |   109 |       |    53 |       ||  1459
       Executioner's axe |       |       |       |       |       |   720 |   861 |   990 |  1261 ||  3832
       Demon whip        |       |       |       |       |       |       |       |    49 |       ||    49
Throw: Javelin           |     4 |       |       |       |     2 |     6 |       |       |       ||    12
       Dart              |     3 |    12 |     3 |    15 |    10 |       |       |       |       ||    43
Invok: Berserk           |     2 |     4 |    10 |    12 |     9 |     4 |     4 |       |       ||    45
       Brothers in Arms  |       |       |       |     1 |     7 |     3 |     4 |     1 |     1 ||    17
       Trog's Hand       |       |       |       |       |     1 |     2 |       |     1 |       ||     4
Evoke: Wand              |       |       |       |     3 |     3 |     2 |     1 |       |       ||     9
  Use: Scroll            |       |    13 |     7 |     3 |    10 |     3 |     3 |    14 |     9 ||    62
       Potion            |       |       |     2 |     2 |       |       |     2 |       |     2 ||     8
 Stab: Sleeping          |     2 |       |       |       |       |       |       |       |       ||     2
       Distracted        |     1 |       |       |       |     1 |       |     2 |       |     1 ||     5
       Invisible         |       |       |       |       |     6 |    21 |     5 |    22 |    16 ||    70
Armor: Animal skin       |    14 |     2 |       |       |       |       |       |       |       ||    16
       Leather armour    |       |    12 |       |       |       |       |       |       |       ||    12
       Chain mail        |       |    19 |       |    60 |   468 |       |       |       |       ||   547
       Skin              |       |    10 |       |       |       |       |       |       |       ||    10
       Plate armour      |       |    60 |   175 |   148 |     9 |       |       |       |       ||   392
       Gold dragon scale |       |       |       |       |   127 |   669 |   610 |   466 |   489 ||  2361
Dodge: Dodged            |    40 |    55 |    81 |   102 |   470 |   389 |   282 |   474 |   558 ||  2451
Block: Other             |       |    23 |    62 |    85 |   347 |   455 |   366 |   788 |   728 ||  2854
       Reflection        |       |       |       |       |       |       |    12 |   125 |     9 ||   146

Table legend: (Time is in decaauts)
 A = Elapsed time spent in this place.
 B = Non-inter-level travel time spent in this place.
 C = Inter-level travel time spent in this place.
 D = Time resting spent in this place.
 E = Time spent auto-exploring this place.
 F = Levels seen in this place.
 G = Mean time per level.
                   A        B        C        D        E       F      G
               +--------+--------+--------+--------+--------+-----+--------+
         Total |  60886 |  54763 |   6123 |   5255 |  31358 |  53 | 1148.8 |
       Dungeon |  17562 |  15214 |   2348 |   2361 |   9602 |  15 | 1170.8 |
          Lair |   7693 |   7127 |    566 |    534 |   4475 |   6 | 1282.2 |
        Shoals |   3667 |   3530 |    137 |      0 |   2134 |   4 |  916.8 |
     Snake Pit |   4857 |   4666 |    191 |    378 |   2480 |   4 | 1214.2 |
  Orcish Mines |   3059 |   1965 |   1094 |    261 |    584 |   2 | 1529.5 |
   Elven Halls |   2829 |   2597 |    232 |    209 |   1402 |   3 |  943.0 |
        Vaults |   8241 |   7530 |    711 |    622 |   4063 |   5 | 1648.2 |
         Crypt |   3920 |   3748 |    172 |    441 |   1302 |   3 | 1306.7 |
        Depths |   5850 |   5259 |    591 |    100 |   3887 |   5 | 1170.0 |
           Zot |   2358 |   2279 |     79 |    303 |   1426 |   4 |  589.5 |
      Ice Cave |    387 |    387 |      0 |     43 |      1 |   1 |  387.0 |
        Wizlab |    458 |    458 |      0 |      0 |      0 |   1 |  458.0 |
               +--------+--------+--------+--------+--------+-----+--------+

Top non-repeatable levels by time:
Vaults:5: 2474 daAuts
  Lair:2: 2223 daAuts
 Crypt:3: 2179 daAuts
    D:10: 2122 daAuts
   Orc:2: 1905 daAuts
Depths:3: 1885 daAuts
 Snake:4: 1864 daAuts
Vaults:2: 1724 daAuts
    D:14: 1591 daAuts
  Lair:6: 1456 daAuts
Vaults:4: 1430 daAuts
     D:5: 1380 daAuts
 Snake:3: 1344 daAuts
     D:3: 1323 daAuts
Vaults:3: 1313 daAuts
